 Dungeon Crawl Stone Soup version 0.30-a0-475-g03497ec522 (webtiles) character file.

Game seed: 6287413548541996526

833 NinjaNoafa the Ducker (level 7, 0/56 HPs)
             Began as a Merfolk Gladiator on Dec 20, 2022.
             Was an Initiate of Wu Jian.
             Succumbed to a gnoll sergeant's poison
             ... on level 6 of the Dungeon on Dec 21, 2022.
             The game lasted 00:10:29 (4275 turns).

NinjaNoafa the Ducker (Merfolk Gladiator)           Turns: 4275, Time: 00:10:30

Health: 0/56       AC:  6    Str: 21    XL:     7   Next: 98%
Magic:  7/7        EV: 19    Int:  7    God:    Wu Jian [......]
Gold:   233        SH:  0    Dex: 17    Spells: 6/6 levels left

rFire   . . .      SeeInvis .    a - +0 long sword
rCold   . . .      Faith    .    (no shield)
rNeg    . . .      Spirit   .    f - +0 leather armour
rPois   .          Reflect  .    c - +0 helmet
rElec   .          Harm     .    s - +0 cloak
rCorr   .          Rampage  .    j - +0 pair of gloves
Will    .....                    (no boots)
Stlth   +++.......               (no amulet)
HPRegen 0.00/turn                o - +6 ring of strength
MPRegen 0.10/turn                q - +4 ring of evasion

@: mighty, lethally poisoned (0 -> -25), inhibited regen, unable to read
A: (nimble swimmer 2), mertail, inhibited regeneration, evolution 1, inability
to read after injury 1, MP-powered wands
a: Renounce Religion


You were on level 6 of the Dungeon.
You worshipped Wu Jian.
Wu Jian was noncommittal.
You visited 2 branches of the dungeon, and saw 7 of its levels.

You collected 233 gold pieces.

Inventory:

Hand Weapons
 a - a +0 long sword (weapon)
Missiles
 n - 52 stones (quivered)
 p - 4 boomerangs
 w - 10 poisoned darts
Armour
 c - a +0 helmet (worn)
 f - a +0 leather armour (worn)
 j - a +0 pair of gloves (worn)
 s - a +0 cloak (worn)
Jewellery
 o - a +6 ring of strength (left hand)
 q - a +4 ring of evasion (right hand)
Wands
 t - a wand of flame (15)
Scrolls
 g - 3 scrolls of enchant armour
 i - 3 scrolls of blinking
 l - a scroll of fog {unknown}
 r - a scroll of poison {unknown}
 u - a scroll of teleportation
 v - a scroll of torment {unknown}
 x - a scroll of vulnerability {unknown}
 y - a scroll of noise {unknown}
Potions
 b - a potion of cancellation
 h - 3 potions of flight


   Skills:
 + Level 5.0 Fighting
 + Level 6.1 Long Blades
 + Level 3.1 Throwing
 + Level 6.7 Dodging
 + Level 4.7 Stealth


You had 6 spell levels left.
You didn't know any spells.
Your spell library contained the following spells:

 Spells                   Type           Power      Damage    Failure   Level
 Freeze                   Ice            0%         1d3       47%         1
 Frozen Ramparts          Ice            0%         1d1       85%         3
 Hailstorm                Conj/Ice       0%         3d3       85%         3
 Blade Hands              Tmut           0%         N/A       100%        5
 Irradiate                Conj/Tmut      0%         3d11      100%        5
 Dragon Form              Tmut           0%         N/A       100%        7


Dungeon Overview and Level Annotations

Branches:
Dungeon (6/15)             Temple (1/1) D:5

Altars:
Ashenzari
Cheibriados
Dithmenos
Elyvilon
Gozag
Makhleb
Nemelex Xobeh
Qazlal
Ru
Trog
Uskayaw
Vehumet
Wu Jian
Xom
Zin
The Shining One


Innate Abilities, Weirdness & Mutations

((You are very nimble when in or above water. (Stealth+, EV+, Speed+++)))
Your lower body shifts to a powerful aquatic tail in water.
You do not regenerate when monsters are visible.
You have hidden genetic potential.
You occasionally lose the ability to read scrolls when taking damage.
You expend magic power (3 MP) to strengthen your wands.


Message History

You slash the gnoll!
The gnoll is severely wounded.
The gnoll misses you. The gnoll attacks as you move away!
The gnoll closely misses you. The gnoll attacks as you move away!
The gnoll completely misses you.
You slash the gnoll!
You kill the gnoll!
The Council accepts your kill.
Your Fighting skill increases to level 5!
The gnoll attacks as you move away! The gnoll misses you.
You barely miss the gnoll. The gnoll hits you with a +0 whip.
The gnoll sergeant misses you.
You barely miss the gnoll. The gnoll hits you with a +0 whip.
The gnoll sergeant hits you but does no damage.
You are poisoned.
You feel better. The gnoll closely misses you.
The gnoll sergeant completely misses you.
You feel very mighty all of a sudden. The gnoll barely misses you.
The gnoll sergeant closely misses you. The gnoll barely misses you.
The gnoll sergeant completely misses you.
You barely miss the gnoll sergeant.
The gnoll sergeant is moderately wounded.
The gnoll closely misses you.
The gnoll sergeant hits you with a +2 spear of venom.
You are poisoned.
You hit the gnoll sergeant.
The gnoll sergeant is heavily wounded.
You feel very sick. The gnoll closely misses you.
The gnoll sergeant hits you with a +2 spear of venom!
* * * LOW HITPOINT WARNING * * *
You are lethally poisoned!
The gnoll misses you.
The gnoll sergeant hits you with a +2 spear of venom!
You feel threatened and lose the ability to read scrolls!
* * * LOW HITPOINT WARNING * * *
You hit the gnoll sergeant.
The gnoll sergeant is severely wounded.
You die...

g# #.#KK
#.>.###.# #.
g# #.#...
#.....#.## #.
.# #.###.#
##.#.#.#..# #.
.## #..# .#
#..#.#.##.###
#. ..###..#
##.##.# ##...#
#. #..#..#
#..##.# ###.#
#. ##..K#
#.###.#.#
#.###. ##..#
## ##.# #.#..
#..##. #.K.##
.# #@g# .##.#
##.#.. #.#.g#
#.# #g##
#..###...#
#g##.# #.# #)#
#..###...
##.##ยง# #.#
#.# #.....#.
...##.## #.#
#.# #...###.
.####..#####.#
#.# #...# . ##
##.......# #.#
#.#.###. #
######..###.#
#.#...#)
#..g...#
#.#.....


You could see a gnoll sergeant and a gnoll.

Vanquished Creatures
  A black bear (D:6)
  An ogre (D:5)
  A kobold brigand (D:6)
  A necrophage (D:5)
  2 scorpions (D:6)
  2 jellies
  2 hounds (D:5)
  An orc priest (D:4)
  Crazy Yiuf (D:2)
  2 iguanas
  4 gnolls
  6 adders
  A white imp (D:4)
  A worm (D:3)
  A dart slug (D:1)
  11 orcs
  2 ball pythons (D:4)
  4 bats
  7 endoplasms
  A giant cockroach (D:4)
  4 goblins
  6 hobgoblins
  13 kobolds
  2 quokkas
  2 frilled lizards (D:1)
  9 rats
88 creatures vanquished.

Notes
Turn   | Place    | Note
-------+----------+-------------------------------------------
     0 | D:1      | NinjaNoafa the Merfolk Gladiator began the quest for the
                  | Orb.
     0 | D:1      | Reached XP level 1. HP: 16/16 MP: 1/1
    97 | D:1      | Reached XP level 2. HP: 19/23 MP: 2/2
   221 | D:1      | Reached skill level 1 in Stealth
   566 | D:1      | Reached XP level 3. HP: 28/28 MP: 3/3
   606 | D:1      | Found a faded altar of an unknown god.
  1012 | D:2      | Found a runed translucent door.
  1013 | D:2      | Noticed Crazy Yiuf
  1579 | D:2      | Killed Crazy Yiuf
  1580 | D:2      | Reached XP level 4. HP: 35/35 MP: 4/4
  2343 | D:4      | Identified the +2 leather armour of the Farmer {Harm rC+
                  | Str-3}
  2403 | D:4      | Reached skill level 5 in Dodging
  2403 | D:4      | Reached XP level 5. HP: 41/41 MP: 5/5
  2665 | D:4      | Reached skill level 5 in Long Blades
  2665 | D:4      | Reached XP level 6. HP: 26/48 MP: 6/6
  2978 | D:5      | Entered Level 5 of the Dungeon
  3017 | D:5      | Found a staircase to the Ecumenical Temple.
  3060 | Temple   | Entered the Ecumenical Temple
  3159 | Temple   | Became a worshipper of the Wu Jian Council
  3212 | D:5      | Gained mutation: You do not regenerate when monsters are
                  | visible. [potion of mutation]
  3212 | D:5      | Gained mutation: You occasionally lose the ability to read
                  | scrolls when taking damage. [potion of mutation]
  3212 | D:5      | Gained mutation: You have hidden genetic potential. [potion
                  | of mutation]
  3372 | D:5      | Identified the +6 short sword of Syigolal {freeze, Contam
                  | Dex+6}
  3451 | D:5      | Found a glowing silver altar of Zin.
  3509 | D:5      | Reached XP level 7. HP: 45/54 MP: 7/7
  3586 | D:5      | Gained mutation: You expend magic power (3 MP) to
                  | strengthen your wands. [hidden potential]
  4266 | D:6      | Reached skill level 5 in Fighting
  4275 | D:6      | Succumbed to a gnoll sergeant's poison

Illustrated notes

Levels and vault maps discovered:
D:1:      ebering_trefoil_3fold, layout_loops_ring,
          dreamdust_ecumenical_altar_hidden_monk_grotto, minmay_misc_feat_doors,
          minmay_misc_feat_chi, due_unseen_surprise
D:2:      layout_basic, glass_columns_a, uniq_crazy_yiuf_cottage
D:3:      layout_basic, minmay_misc_feat_tiny
D:4:      layout_basic, guppyfry_early_lair_pool
D:5:      layout_rooms, zin_academy, minmay_temple_entry_antechambers,
          wad_floor_pattern_untrapped
D:6:      layout_rooms
Temple:   hellmonk_temple_of_storms

Skill      XL: |  1  2  3  4  5  6  7 |
---------------+----------------------+-----
Stealth        | 1 2 3 4 |  4.7
Long Blades    | 4 5 6 |  6.1
Fighting       | 3 4 5 |  5.0
Dodging        | 5 6 |  6.7
Throwing       | 3 |  3.1

Action                   |  1- 3 |  4- 6 |  7- 9 || total
-------------------------+-------+-------+-------++-------
Melee: Long sword        |    61 |   104 |    88 ||   253
       Tailslap          |       |     1 |       ||     1
       Punch             |       |     3 |     1 ||     4
Throw: Javelin           |     2 |       |     1 ||     3
       Boomerang         |     7 |    42 |     6 ||    55
       Throwing net      |     1 |       |     2 ||     3
Invok: Lunge             |       |     1 |     6 ||     7
Evoke: Wand              |       |     1 |       ||     1
  Use: Scroll            |       |     5 |     2 ||     7
       Potion            |       |     4 |     4 ||     8
 Stab: Sleeping          |     2 |     2 |       ||     4
       Held in net/web   |     1 |       |     1 ||     2
       Distracted        |       |       |     1 ||     1
Armor: Leather armour    |    10 |    20 |    23 ||    53
Dodge: Dodged            |    37 |   115 |   126 ||   278

Table legend: (Time is in decaauts)
 A = Elapsed time spent in this place.
 B = Non-inter-level travel time spent in this place.
 C = Inter-level travel time spent in this place.
 D = Time resting spent in this place.
 E = Time spent auto-exploring this place.
 F = Levels seen in this place.
 G = Mean time per level.
                   A        B        C        D        E       F      G
               +--------+--------+--------+--------+--------+-----+--------+
         Total |   4314 |   4128 |    186 |      0 |   3119 |   7 |  616.3 |
       Dungeon |   4199 |   4028 |    171 |      0 |   3097 |   6 |  699.8 |
        Temple |    114 |     99 |     15 |      0 |     22 |   1 |  114.0 |
               +--------+--------+--------+--------+--------+-----+--------+

Top non-repeatable levels by time:
     D:2: 873 daAuts
     D:1: 755 daAuts
     D:4: 735 daAuts
     D:3: 731 daAuts
     D:5: 583 daAuts
     D:6: 521 daAuts
  Temple: 114 daAuts
